 Dungeon Crawl Stone Soup version 0.29-a0-477-g62b78b4225 (webtiles) character file.

Game seed: 13155042424974000236

809 Infinimo the Cudgeller (level 7, -10/58 HPs)
             Began as a Demonspawn Gladiator on May 24, 2022.
             Mangled by a two-headed ogre
             ... wielding a +0 giant club
              (28 damage)
             ... on level 5 of the Dungeon.
             The game lasted 00:05:04 (6261 turns).

Infinimo the Cudgeller (Demonspawn Gladiator)       Turns: 6261, Time: 00:05:04

Health: -10/58     AC:  4    Str: 14    XL:     7   Next: 61%
Magic:  7/7        EV: 14    Int: 12    God:
Gold:   138        SH:  0    Dex: 14    Spells: 6/6 levels left

rFire   . . .      SeeInvis .   a - +1 flail (freeze)
rCold   . . .      Faith    .   (no shield)
rNeg    . . .      Spirit   .   b - +0 leather armour
rPois   .          Reflect  .   c - +0 helmet
rElec   .          Harm     .   (no cloak)
rCorr   .          Rampage  .   (no gloves)
Will    .....                   (no boots)
Stlth   +.........              (no amulet)
HPRegen 0.19/turn               (no ring)
MPRegen 0.10/turn               (no ring)

@: studying Fighting
A: sturdy frame 2, weakness stinger 2
a: no special abilities


You were on level 5 of the Dungeon.
You visited 2 branches of the dungeon, and saw 6 of its levels.

You collected 164 gold pieces.
You spent 26 gold pieces at shops.

Inventory:

Hand Weapons
 a - a +1 flail of freezing (weapon)
Missiles
 d - 4 throwing nets (quivered)
 e - a javelin
Armour
 b - a +0 leather armour (worn)
 c - a +0 helmet (worn)
Jewellery
 f - an amulet of guardian spirit
 j - a ring of protection from cold
 o - a ring of resist corrosion
 s - an amulet of reflection
Scrolls
 l - a scroll of teleportation
 m - a scroll of identify
 n - a scroll of fog {unknown}
 r - a scroll of brand weapon
Potions
 g - a potion of attraction
 h - a potion of might
 i - a potion of flight
 k - 2 potions of haste
 t - a potion of berserk rage
 u - a potion of magic
 v - 2 potions of curing
 w - a potion of heal wounds {unknown}


   Skills:
 + Level 6.0 Fighting
 * Level 6.1 Maces & Flails
 - Level 1.7 Throwing
 + Level 4.7 Dodging


You had 6 spell levels left.
You didn't know any spells.
Your spell library contained the following spells:

 Spells                   Type           Power      Damage    Failure   Level
 Apportation              Tloc           0%         N/A       32%         1
 Magic Dart               Conj           0%         1d3       32%         1
 Call Imp                 Summ           0%         N/A       45%         2
 Ensorcelled Hibernation  Hex/Ice        0%         N/A       45%         2
 Passwall                 Tmut/Erth      0%         N/A       45%         2
 Mephitic Cloud           Conj/Pois/Air  0%         N/A       69%         3
 Swiftness                Air            0%         N/A       69%         3
 Alistair's Intoxication  Tmut/Pois      0%         N/A       100%        5


Dungeon Overview and Level Annotations

Branches:
Dungeon (5/15)             Temple (1/1) D:4

Altars:
Dithmenos
Fedhas
Hepliaklqana
Makhleb
Qazlal
Sif Muna
Uskayaw
Vehumet
Wu Jian
Xom
Yredelemnul
Zin

Shops:
D:4 *   D:5 (

Annotations:
D:3 1 runed translucent door, twist's ghost, amateur GnWn


Innate Abilities, Weirdness & Mutations

Your movements are less encumbered by armour. (ER -4)
You have a tail ending in a sharp stinger.


Message History

You now have 138 gold pieces (gained 8).
An orc wizard comes into view. It is wielding a +0 dagger.
The orc wizard shouts!
A hound comes into view.
The orc wizard moves out of view.
A two-headed ogre comes into view.
It is wielding a +0 giant club and a +0 giant spiked club.
There are monsters nearby!
There are monsters nearby!
A hound comes into view.
A necrophage comes into view.
The hound moves out of view.
There is a fountain of clear blue water here.
The hound barks!
You start waiting.
A hound is nearby!
You thump the hound! You freeze the hound.
You kill the hound!
Your Fighting skill increases to level 6!
No target in view!
You start waiting.
A two-headed ogre is nearby!
The two-headed ogre hits you with a +0 giant club!
The two-headed ogre hits you with a +0 giant spiked club!
You sock the two-headed ogre! You freeze the two-headed ogre.
The two-headed ogre is moderately wounded.
The two-headed ogre is moderately wounded.
The two-headed ogre hits you with a +0 giant spiked club.
You freeze the two-headed ogre.
The two-headed ogre is heavily wounded.
The two-headed ogre hits you with a +0 giant club!
You are too injured to fight recklessly!
You are too injured to fight recklessly!
You are too injured to fight recklessly!
You are too injured to fight recklessly!
You freeze the two-headed ogre.
The two-headed ogre is heavily wounded.
The orc wizard gestures wildly while chanting.
The orc wizard flickers and vanishes!
Deactivating autopickup; reactivate with Ctrl-A.
The two-headed ogre hits you with a +0 giant club!!
You die...

..#8.. ..#... ≈ ....8 ≈
#... ##### ≈ 8.. .... ≈ ≈
###.#####.### .♣ ≈
#.....#..[..#..♣ ≈≈
.#.⌠.⌠.#@....#..# ≈≈≈≈
.nh...⌠.{O=...(...# ♣♣
≈≈≈≈ ..o#.⌠.⌠.#.....#..#
≈≈♣≈≈≈≈ .
#.....#..)..#..# ♣≈≈≈♣P≈
###.#####.###..# ♣≈≈PPP≈
.....#........# ♣≈≈≈≈P♣
#.#.#.#..#####.# ♣≈♣♣≈P≈
....#.....####..####P≈≈≈≈
.# #.#.#........)....≈♣♣≈


You could see a two-headed ogre.

Vanquished Creatures
  A steam dragon (D:4)
  An ogre (D:5)
  A centaur (D:5)
  A phantom (D:4)
  A bullfrog (D:5)
  2 scorpions (D:4)
  3 hounds
  A gnoll shaman (D:5)
  3 gnolls
  3 adders
  A worm (D:2)
  3 dart slugs
  7 orcs
  5 ball pythons
  6 bats
  9 endoplasms
  2 giant cockroaches
  4 goblins
  8 hobgoblins
  4 jackals (D:4)
  8 kobolds
  A quokka (D:1)
  4 frilled lizards (D:2)
  4 rats
83 creatures vanquished.

Vanquished Creatures (others)
  21 plants (D:5)
21 creatures vanquished.

Grand Total: 104 creatures vanquished

Notes
Turn   | Place    | Note
-------+----------+-------------------------------------------
     0 | D:1      | Infinimo the Demonspawn Gladiator began the quest for the
                  | Orb.
     0 | D:1      | Reached XP level 1. HP: 16/16 MP: 1/1
   323 | D:1      | Gained mutation: Your movements are slightly less
                  | encumbered by armour. (ER -2) [demonic ancestry]
   323 | D:1      | Reached XP level 2. HP: 22/22 MP: 2/2
   839 | D:1      | Found a faded altar of an unknown god.
  1110 | D:2      | Reached XP level 3. HP: 28/28 MP: 3/3
  1707 | D:2      | Found an ornate altar of the Wu Jian Council.
  2184 | D:3      | Reached XP level 4. HP: 5/34 MP: 4/4
  2641 | D:3      | Found a runed translucent door.
  2651 | D:3      | Noticed twist's ghost (amateur GnWn)
  3339 | D:4      | Noticed a phantom
  3354 | D:4      | Killed a phantom
  3355 | D:4      | Gained mutation: You have a small tail. [demonic ancestry]
  3355 | D:4      | Reached XP level 5. HP: 28/41 MP: 5/5
  3902 | D:4      | Gained mutation: Your movements are less encumbered by
                  | armour. (ER -4) [demonic ancestry]
  3902 | D:4      | Reached XP level 6. HP: 48/48 MP: 6/6
  4234 | D:4      | Found Lad Uho's General Store.
  4242 | D:4      | Bought a scroll of identify for 26 gold pieces
  4461 | D:4      | Noticed a steam dragon
  4465 | D:4      | Reached skill level 5 in Maces & Flails
  4469 | D:4      | Killed a steam dragon
  4697 | D:4      | Found a staircase to the Ecumenical Temple.
  4877 | Temple   | Entered the Ecumenical Temple
  5265 | D:5      | Entered Level 5 of the Dungeon
  5363 | D:5      | Reached skill level 5 in Fighting
  5399 | D:5      | Gained mutation: You have a tail ending in a sharp stinger.
                  | [demonic ancestry]
  5399 | D:5      | Reached XP level 7. HP: 39/56 MP: 7/7
  6034 | D:5      | Found Zutarph's Antique Weapon Shop.
  6248 | D:5      | Noticed a two-headed ogre
  6261 | D:5      | Mangled by a two-headed ogre

Illustrated notes

Levels and vault maps discovered:
D:1:      eino_arrival_druids_welcome, layout_loops_ring,
          shapermc_ecumenical_altar_notcrosses, minmay_tetromino_s2
D:2:      layout_basic, basic_altar, dk_vineyard_1
D:3:      layout_basic, ebering_ghost_sewer_d
D:4:      layout_cave_pools, minmay_temple_entry_antechambers, serial_shops,
          nicolae_shop_advertising_works [nicolae_subvault_shop_adworks]
D:5:      layout_basic, mainiacjoe_overflow_alcove_2,
          chequers_temple_overflow_statue_of_worship, serial_bayou,
          serial_bayou_pond_d, serial_bayou_lake_a, serial_bayou_pond_c,
          serial_bayou_lagoon_a, serial_bayou_pond_e, kennysheep_doodads,
          abandoned_shop, nicolae_stop_n_shop_2, minmay_chambers_of_fives
Temple:   minmay_temple_forest_path

Skill      XL: |  1  2  3  4  5  6  7 |
---------------+----------------------+-----
Maces & Flails | 3 4 5 6 |  6.1
Dodging        | 3 4 |  4.7
Fighting       | 3 4 5 6 |  6.0
Throwing       | |  1.7

Action                   |  1- 3 |  4- 6 |  7- 9 || total
-------------------------+-------+-------+-------++-------
Melee: Flail             |   104 |   147 |    33 ||   284
       Punch             |     3 |       |     1 ||     4
       Tailslap          |       |    12 |     1 ||    13
  Use: Potion            |     4 |     1 |       ||     5
       Scroll            |       |    12 |       ||    12
 Stab: Sleeping          |     3 |     1 |       ||     4
Armor: Leather armour    |    41 |    45 |     7 ||    93
       Skin              |     6 |       |       ||     6
Dodge: Dodged            |   106 |   131 |    41 ||   278

Table legend: (Time is in decaauts)
 A = Elapsed time spent in this place.
 B = Non-inter-level travel time spent in this place.
 C = Inter-level travel time spent in this place.
 D = Time resting spent in this place.
 E = Time spent auto-exploring this place.
 F = Levels seen in this place.
 G = Mean time per level.
                   A        B        C        D        E       F      G
               +--------+--------+--------+--------+--------+-----+--------+
         Total |   6332 |   6123 |    209 |     59 |   5310 |   6 | 1055.3 |
       Dungeon |   5969 |   5809 |    160 |     59 |   5008 |   5 | 1193.8 |
        Temple |    362 |    314 |     48 |      0 |    302 |   1 |  362.0 |
               +--------+--------+--------+--------+--------+-----+--------+

Top non-repeatable levels by time:
     D:4: 1857 daAuts
     D:2: 1276 daAuts
     D:3: 1094 daAuts
     D:1: 1089 daAuts
     D:5: 651 daAuts
  Temple: 362 daAuts
